Map: Ulrena

Players

Grumm

  • Race: Zerg Zerg
  • League: Gold

Lugia - Winner!

  • Race: Protoss Protoss
  • League: Silver

VOD

Have the link to the VOD?

Description

Time

  • Played on: Jan. 15, 2016, 3:05 p.m.
  • Length: 11:39
Show
View Real Time Build Order
Export as new Build Order

Grumm Zerg 

Build Orders: Pool First 

Get SALT Encoding   

  12  0:01  Drone  
  13  0:08  Drone  
  14  0:29  Spawning Pool  
  14  0:30  Drone  
  14  0:36  Extractor  
  14  0:39  Overlord  
  13  0:44  Drone  
  14  1:02  Drone  
  15  1:04  Drone  
  15  1:09  Drone  
  17  1:11  Evolution Chamber  
  16  1:18  Queen  
  18  1:28  Overlord  
  18  1:32  Drone  
  19  1:49  Drone  
  20  2:09  Zergling x4  
  20  2:10  Zergling x2  
  23  2:28  Hatchery  
  22  2:44  Drone  
  22  2:49  Zergling x6  
  26  2:51  Queen  
  26  2:55  Overlord  
  28  3:17  Hatchery  
  27  3:22  Drone  
  27  3:25  Zergling x2  
  29  3:40  Drone  
  30  3:44  Spore Crawler  
  28  3:54  Spine Crawler  
  26  3:56  Spine Crawler  
  25  4:08  Drone x4  
  29  4:33  Overlord  
  29  4:45  Zergling x14  
  36  4:46  Zergling x2  
  38  5:07  Zergling x14  
  41  5:47  Zergling x2  
  41  5:48  Zergling x12  
  40  6:09  Lair  
  40  6:12  Roach Warren  
  40  6:14  Drone x5  
  44  6:54  Drone  
  44  6:55  Drone x2  
  47  7:03  Pneumatized Carapace  
  47  7:05  Roach  
  47  7:07  Overlord  
  47  7:08  Overlord x2  
  49  7:14  Spore Crawler  
  48  7:18  Spine Crawler  
  47  7:33  Drone x3  
  50  7:40  Spore Crawler  
  39  7:59  Roach  
  39  8:00  Roach x12  
  57  8:15  Zergling x10  
  50  8:28  Zergling x4  
  39  8:38  Spire  
  39  8:39  Drone x3  
  29  8:57  Spine Crawler  
  29  8:58  Spine Crawler  
  29  8:59  Spine Crawler  
  25  9:03  Spine Crawler  
  24  9:18  Drone x3  
  24  9:20  Queen  
  29  9:28  Hatchery  
  21  10:05  Mutalisk  
  21  10:06  Mutalisk x2  
  26  10:12  Extractor  
  26  10:13  Extractor  
  23  10:43  Mutalisk  
  23  10:44  Mutalisk  
Show
View Real Time Build Order
Export as new Build Order

Lugia Protoss - Winner!

Build Orders:  

Get SALT Encoding   

  12  0:01  Probe (Chrono Boost)  
  13  0:15  Pylon  
  13  0:20  Probe (Chrono Boost)  
  14  0:30  Probe (Chrono Boost)  
  15  0:36  Gateway  
  15  0:47  Gateway  
  15  0:54  Assimilator  
  15  0:56  Probe (Chrono Boost)  
  16  1:06  Probe (Chrono Boost)  
  17  1:12  Pylon  
  17  1:17  Probe (Chrono Boost)  
  18  1:26  Cybernetics Core  
  18  1:27  Probe (Chrono Boost)  
  18  1:31  Assimilator  
  19  2:10  Stalker (Chrono Boost)  
  20  2:29  Nexus  
  22  2:31  Probe, Stalker (Chrono Boost)  
  23  2:47  Stalker (Chrono Boost)  
  25  2:51  Pylon  
  25  2:55  Probe  
  26  3:02  Warp Gate  
  26  3:07  Probe  
  27  3:19  Mothership Core  
  29  3:29  Adept (Chrono Boost)  
  33  3:34  Adept (Chrono Boost)  
  33  3:40  Probe  
  34  3:42  Probe  
  35  3:52  Probe  
  35  3:55  Pylon  
  36  3:56  Probe  
  37  4:08  Probe  
  38  4:11  Robotics Facility  
  38  4:17  Probe  
  38  4:21  Adept (Chrono Boost)  
  41  4:48  Adept (Chrono Boost)  
  41  4:49  Probe x2  
  41  4:52  Adept (Chrono Boost)  
  47  4:59  Probe  
  47  5:06  Immortal  
  52  5:10  Probe  
  53  5:20  Probe  
  54  5:31  Probe  
  54  5:32  Adept (Chrono Boost)  
  54  5:35  Adept (Chrono Boost)  
  57  5:45  Immortal (Chrono Boost)  
  57  5:56  Adept (Chrono Boost)  
  61  6:03  Adept (Chrono Boost)  
  61  6:12  Gateway x2  
  61  6:13  Gateway  
  61  6:16  Gateway  
  61  6:37  Adept (Chrono Boost)  
  61  7:08  Pylon  
  61  7:19  Pylon x2  
  61  7:20  Pylon  
  61  7:21  Pylon  
  61  7:22  Pylon  
  61  7:24  Pylon  
  61  7:28  Adept  
  61  7:29  Adept x3  
  65  7:56  Adept x3  
  65  7:57  Adept x3  
  71  8:24  Immortal  
  62  8:45  Adept x4  
  62  8:46  Adept x2  
  74  8:58  Immortal  
  78  9:29  Adept x3  
  78  9:30  Adept x3  
  88  9:53  Stargate  
  88  9:56  Stargate x2  
  88  10:06  Warp Prism  
  90  10:37  Warp Prism  
  90  10:42  Stalker x2  
  95  10:44  Stalker x4  
  99  11:15  Stalker x3  
Tags
 
Matchup
PvZ
Opening
Pool First
Replay Pack
sc2 replays 2016
Add a new tag
Caveats
  • Supply blocks, unpowered buildings, or Contaminate may cause inaccurate times.
  • Supply counts are checked every 10 seconds.